 Dungeon Crawl Stone Soup version 0.30-a0-358-g0d69a1922f (webtiles) character file.

Game seed: 18267390116089148161

2674 hikkokomori the Geomancer (level 9, -1/45 HPs)
             Began as a Gargoyle Earth Elementalist on Nov 11, 2022.
             Was an Initiate of Vehumet.
             Slain by a meliai
             ... wielding a +0 vorpal war axe
              (8 damage)
             ... on level 8 of the Dungeon.
             The game lasted 00:11:19 (6766 turns).

hikkokomori the Geomancer (GrEE)                    Turns: 6766, Time: 00:11:20

Health: -1/45      AC: 12    Str: 12    XL:     9   Next: 63%
Magic:  16/19      EV: 15    Int: 20    God:    Vehumet [......]
Gold:   603        SH:  5    Dex: 10    Spells: 18/22 levels left

rFire   . . .      SeeInvis .    g - +0 mace
rCold   . . .      Faith    .    (no shield)
rNeg    + . .      Spirit   .    F - +0 robe {Will+}
rPois   ∞          Reflect  +    q - +2 helmet
rElec   +          Harm     .    C - +0 cloak
rCorr   .          Rampage  .    (no gloves)
Will    +....                    (no boots)
Stlth   ++........               x - amulet of reflection
HPRegen 0.27/turn                e - ring of flight
MPRegen 0.16/turn                l - +4 ring of evasion

@: flying
A: sickness immunity, AC +6, negative energy resistance 1, electricity
resistance, torment resistance 1, petrification resistance
a: Renounce Religion


You were on level 8 of the Dungeon.
You worshipped Vehumet.
Vehumet was noncommittal.
You visited 2 branches of the dungeon, and saw 9 of its levels.
You also visited: Ossuary.

You collected 603 gold pieces.

Inventory:

Hand Weapons
 g - a +0 mace (weapon)
Armour
 q - a +2 helmet (worn)
 C - a +0 cloak (worn)
 F - a +0 robe of willpower (worn)
 I - +0 steam dragon scales
Magical Staves
 H - a staff of fire
Jewellery
 e - a ring of flight (left hand)
 l - a +4 ring of evasion (right hand)
 x - an amulet of reflection (around neck)
Wands
 i - a wand of charming (8)
 E - a wand of iceblast (4)
Scrolls
 a - a scroll of fear {unknown}
 d - a scroll of amnesia {unknown}
 j - 6 scrolls of teleportation {unknown}
 m - 2 scrolls of vulnerability {unknown}
 r - 2 scrolls of noise {unknown}
 v - a scroll of torment
 y - 3 scrolls of magic mapping
 A - 2 scrolls of immolation {unknown}
 B - a scroll of enchant weapon {unknown}
 G - a scroll of poison
Potions
 b - 2 potions of magic
 c - 4 potions of might
 f - 4 potions of brilliance {unknown}
 h - 6 potions of attraction
 k - 4 potions of curing
 n - 2 potions of mutation {unknown}
 o - 3 potions of haste {unknown}
 p - 3 potions of berserk rage
 s - a potion of flight {unknown}
 t - 3 potions of heal wounds
 u - a potion of ambrosia {unknown}
 w - a potion of invisibility {unknown}
 z - 2 potions of resistance {unknown}
 D - 3 potions of degeneration {unknown}


   Skills:
 - Level 1.5 Dodging
 - Level 2.1 Stealth
 + Level 7.2 Spellcasting
 + Level 7.5 Conjurations
 - Level 0.7 Transmutations
 + Level 9.8 Earth Magic


You had 18 spell levels left.
You knew the following spells:

 Your Spells              Type           Power      Damage    Failure   Level
a - Sandblast             Erth           92%        2d19      1%          1
b - Stone Arrow           Conj/Erth      84%        3d12      1%          3

Your spell library contained the following spells:

 Spells                   Type           Power      Damage    Failure   Level
 Passwall                 Tmut/Erth      23%        N/A       1%          2
 Petrify                  Tmut/Erth      28%        N/A       11%         4
 Ensorcelled Hibernation  Hex/Ice        14%        N/A       14%         2
 Spider Form              Tmut/Pois      8%         N/A       24%         3
 Gell's Gravitas          Tloc           7%         N/A       28%         3
 Lesser Beckoning         Tloc           14%        N/A       28%         3
 Teleport Other           Tloc           7%         N/A       28%         3
 Anguish                  Hex/Necr       3%         N/A       67%         4


Dungeon Overview and Level Annotations

Branches:
Dungeon (8/15)             Temple (1/1) D:6         Ossuary (visited)
   Lair: D:8-11

Altars:
Ashenzari
Cheibriados
Dithmenos
Elyvilon
Fedhas
Gozag
Hepliaklqana
Kikubaaqudgha
Nemelex Xobeh
Okawaru
Qazlal
Ru
Sif Muna
Trog
Uskayaw
Vehumet
Wu Jian
Yredelemnul
Zin
The Shining One

Annotations:
D:2 Sigmund
D:5 2 transporters, lokiplouj's ghost, amateur AtFi


Innate Abilities, Weirdness & Mutations

You are immune to sickness and miasma.
Your stone body is resilient. (AC +6)
You are immune to poison.
You resist negative energy. (rN+)
You are resistant to electric shocks. (rElec)
You are resistant to unholy torment.
You are immune to petrification.


Message History

You kill the steam dragon!
Vehumet accepts your kill.
The steam dragon scales are intact enough to wear.
You can't see any susceptible monsters within range! (Use Z to cast anyway.)
Things that are here:
+0 steam dragon scales; a steam dragon corpse I - +0 steam dragon scales A wyvern comes into view.
A wyvern is nearby!
A wyvern is nearby!
The blast of sand hits the wyvern!!
You kill the wyvern!
Vehumet accepts your kill.
You can't see any susceptible monsters within range! (Use Z to cast anyway.)
There is a stone staircase leading up here.
A meliai comes into view. It is wielding a +0 vorpal war axe.
A meliai is nearby!
A meliai is nearby!
The blast of sand misses the meliai.
The meliai buzzes angrily.
The blast of sand hits the meliai but does no damage.
The meliai misses you. x2; The meliai closely misses you.
The meliai stings you but does no damage.
The meliai hits you with a +0 vorpal war axe.
You block the meliai's attack.
The blast of sand hits the meliai!
The meliai is severely wounded.
The meliai closely misses you. You block the meliai's attack.
The meliai completely misses you. The meliai barely misses you.
The meliai hits you with a +0 vorpal war axe!
The meliai closely misses you.
The blast of sand misses the meliai.
The meliai hits you with a +0 vorpal war axe!
* * * LOW HITPOINT WARNING * * *
x2 The meliai stings you but does no damage.
The meliai barely misses you. The meliai stings you.
* * * LOW HITPOINT WARNING * * *
A meliai comes into view. It is wielding a +0 hand axe.
You block the meliai's attack. The meliai stings you!
You die...

... #.# #.# .y. #.#
#.# #y# #@# #.# ..#
#.# #.# #.####
###.####.##.##
##.........<#.######
#..........###.....#
#
#..#.###....#.####.#
#.#..#.###..##.##
#.#


You could see 2 meliai.

Vanquished Creatures
  A hornet (D:7)
  A wyvern (D:8)
  Eustachio (D:5)
  A steam dragon (D:8)
  Duvessa (D:5)
  A black bear (D:4)
  An orc warrior (D:6)
  An ice beast (D:6)
  2 ogres
  2 phantoms
  A scorpion (D:4)
  2 bullfrogs
  A necrophage (D:5)
  Dowan (D:5)
  6 killer bees
  A howler monkey (D:6)
  Crazy Yiuf (D:5)
  2 orc priests (D:4)
  4 hounds
  2 iguanas
  Ijyb (D:5)
  8 orc wizards
  8 mummies (Ossuary)
  7 adders
  3 gnolls (D:5)
  2 dart slugs
  11 orcs
  7 bats
  6 endoplasms
  3 giant cockroaches
  3 gnoll zombies (Ossuary)
  8 goblins
  7 hobgoblins
  6 jackals
  4 kobolds
  8 quokkas
  10 ball pythons
  3 frilled lizards
  A hobgoblin zombie (Ossuary)
  2 kobold zombies (Ossuary)
  2 orc zombies (Ossuary)
  4 rats
147 creatures vanquished.

Notes
Turn   | Place    | Note
-------+----------+-------------------------------------------
     0 | D:1      | hikkokomori the Gargoyle Earth Elementalist began the quest
                  | for the Orb.
     0 | D:1      | Reached XP level 1. HP: 10/10 MP: 3/3
    29 | D:1      | Found a faded altar of an unknown god.
   174 | D:1      | Reached skill level 4 in Earth Magic
   174 | D:1      | Reached XP level 2. HP: 15/15 MP: 0/5
   548 | D:1      | Reached XP level 3. HP: 19/19 MP: 3/6
   797 | D:2      | Reached XP level 4. HP: 24/24 MP: 2/8
   831 | D:2      | Noticed Sigmund
  1174 | D:2      | Learned a level 3 spell: Stone Arrow
  1289 | D:2      | Reached skill level 5 in Earth Magic
  1820 | D:3      | Reached skill level 1 in Conjurations
  1965 | D:3      | Found a sparkling altar of Nemelex Xobeh.
  2043 | D:3      | Noticed a bullfrog
  2048 | D:3      | Killed a bullfrog
  2049 | D:3      | Reached XP level 5. HP: 20/28 MP: 7/10
  2419 | D:4      | Noticed a black bear
  2435 | D:4      | Reached XP level 6. HP: 19/32 MP: 5/11
  2442 | D:4      | Killed a black bear
  2443 | D:4      | Reached skill level 6 in Earth Magic
  2524 | D:4      | Reached XP level 7. HP: 36/36 MP: 1/13
  2534 | D:4      | Found a sand-covered staircase.
  2606 | Ossuary  | Entered an ossuary
  3018 | D:4      | Found a white marble altar of Elyvilon.
  3357 | D:4      | Found a glowing golden altar of the Shining One.
  3364 | D:4      | Found a bloodstained altar of Trog.
  3364 | D:4      | Found a sacrificial altar of Ru.
  3365 | D:4      | Found an ornate altar of the Wu Jian Council.
  3475 | D:5      | Entered Level 5 of the Dungeon
  3485 | D:5      | Found a transporter.
  3559 | D:5      | Noticed Eustachio
  3561 | D:5      | Reached skill level 7 in Earth Magic
  3573 | D:5      | Killed Eustachio
  3574 | D:5      | Reached skill level 5 in Spellcasting
  3591 | D:5      | Noticed Duvessa
  3633 | D:5      | Noticed Dowan
  3642 | D:5      | Killed Duvessa
  3643 | D:5      | Reached XP level 8. HP: 31/41 MP: 6/16
  3646 | D:5      | Killed Dowan
  3665 | D:5      | Noticed Ijyb
  3672 | D:5      | Killed Ijyb
  3673 | D:5      | Reached skill level 5 in Conjurations
  3800 | D:5      | Found a transporter.
  3916 | D:5      | Found a runed translucent door.
  3917 | D:5      | Noticed Crazy Yiuf
  3980 | D:5      | Reached skill level 8 in Earth Magic
  4253 | D:5      | Noticed lokiplouj's ghost (amateur AtFi)
  4757 | D:6      | Found a staircase to the Ecumenical Temple.
  4914 | Temple   | Entered the Ecumenical Temple
  5109 | Temple   | Became a worshipper of Vehumet
  5180 | D:5      | Killed Crazy Yiuf
  5514 | D:6      | Reached XP level 9. HP: 41/45 MP: 13/18
  6116 | D:7      | Reached skill level 9 in Earth Magic
  6493 | D:7      | Noticed a hornet
  6496 | D:7      | Killed a hornet
  6762 | D:8      | Noticed a meliai
  6766 | D:8      | Noticed a meliai
  6766 | D:8      | Slain by a meliai

Illustrated notes

Levels and vault maps discovered:
D:1:      dpeg_arrival_refuge, layout_rooms, basic_ecumenical_altar
D:2:      layout_basic, minmay_misc_feat_nine_boxes, uniq_sigmund
D:3:      layout_basic, mainiacjoe_overflow_boulevard, serial_rivers,
          chequers_serial_rivers_micro_e, chequers_serial_rivers_small_3,
          chequers_serial_rivers_micro_d, chequers_serial_rivers_large_b,
          chequers_serial_rivers_micro_b, chequers_serial_rivers_room_a
D:4:      layout_rooms, elyvilon_altar_4, minitemple,
          nicolae_ossuary_entry_false_entrances
D:5:      layout_basic, gammafunk_ghost_stat_death, solitary_fountain,
          uniq_duvessa, uniq_eustachio, uniq_crazy_yiuf_cottage, uniq_ijyb
D:6:      layout_basic, minmay_temple_entry_tees
D:7:      layout_basic, hangedman_decor_clover_reticule
D:8:      layout_loops_corners, special_room [special_room_orc], uniq_maurice
Temple:   eino_narrow_crystal_temple

Skill      XL: |  1  2  3  4  5  6  7  8  9 |
---------------+----------------------------+-----
Earth Magic    | 4 5 6 7 8 9 |  9.8
Spellcasting   | 3 4 5 6 7 |  7.2
Conjurations   | 1 2 3 4 6 7 |  7.5
Dodging        | |  1.5
Stealth        | |  2.1
Transmutations | |  0.7

Action                   |  1- 3 |  4- 6 |  7- 9 || total
-------------------------+-------+-------+-------++-------
Melee: Unarmed           |     4 |       |       ||     4
       Mace              |       |    15 |     2 ||    17
 Cast: Sandblast         |    33 |    76 |   151 ||   260
  Use: Scroll            |       |     2 |     6 ||     8
       Potion            |       |       |     1 ||     1
Armor: Robe              |     7 |    44 |    17 ||    68
Dodge: Dodged            |     6 |    76 |    52 ||   134
Block: Other             |       |       |    32 ||    32

Table legend: (Time is in decaauts)
 A = Elapsed time spent in this place.
 B = Non-inter-level travel time spent in this place.
 C = Inter-level travel time spent in this place.
 D = Time resting spent in this place.
 E = Time spent auto-exploring this place.
 F = Levels seen in this place.
 G = Mean time per level.
                   A        B        C        D        E       F      G
               +--------+--------+--------+--------+--------+-----+--------+
         Total |   6900 |   6594 |    306 |    213 |   5396 |  10 |  690.0 |
       Dungeon |   6318 |   6054 |    264 |    213 |   4971 |   8 |  789.8 |
        Temple |    210 |    168 |     42 |      0 |    161 |   1 |  210.0 |
       Ossuary |    371 |    371 |      0 |      0 |    264 |   1 |  371.0 |
               +--------+--------+--------+--------+--------+-----+--------+

Top non-repeatable levels by time:
     D:5: 1221 daAuts
     D:2: 938 daAuts
     D:7: 892 daAuts
     D:6: 876 daAuts
     D:3: 810 daAuts
     D:4: 721 daAuts
     D:1: 710 daAuts
 Ossuary: 371 daAuts
  Temple: 210 daAuts
     D:8: 147 daAuts
